 Dungeon Crawl Stone Soup version 0.22-a0-469-gf26638a71f (webtiles) character file.

44 Kriby the Skirmisher (level 3, -3/29 HPs)
             Began as a Human Abyssal Knight on June 13, 2018.
             Was a Follower of Lugonu.
             Slain by a gnoll
             ... wielding a +0 whip
              (6 damage)
             ... on level 2 of the Dungeon.
             The game lasted 00:01:17 (2293 turns).

Kriby the Skirmisher (Human Abyssal Knight)         Turns: 2293, Time: 00:01:17

Health: -3/29      AC:  3    Str: 13    XL:     3   Next: 87%
Magic:  4/4        EV: 11    Int: 12    God:    Lugonu [*.....]
Gold:   99         SH:  0    Dex: 12    Spells: 2/2 levels left

rFire    . . .     SeeInvis .   a - +1 hand axe
rCold    . . .     Gourm    .   (no shield)
rNeg     . . .     Faith    .   b - +0 leather armour
rPois    .         Spirit   .   (no helmet)
rElec    .         Reflect  .   (no cloak)
rCorr    .         Harm     .   (no gloves)
MR       .....                  (no boots)
Stlth    +.........             (no amulet)
HPRegen  0.09/turn              (no ring)
MPRegen  0.09/turn              (no ring)

@: no status effects
A: no striking features
a: Depart the Abyss, Renounce Religion


You were on level 2 of the Dungeon.
You worshipped Lugonu.
Lugonu was aware of your devotion.
You were not hungry.

You visited 1 branch of the dungeon, and saw 3 of its levels.
You visited the Abyss 1 time.

You collected 99 gold pieces.

Inventory:

Hand Weapons
 a - a +1 hand axe (weapon)
Missiles
 j - 2 javelins (quivered)
Armour
 b - a +0 leather armour (worn)
Jewellery
 i - an uncursed ring of protection from cold {unknown}
 n - a +3 ring of dexterity {unknown}
Scrolls
 e - a scroll of remove curse {unknown}
 f - a scroll of blinking {unknown}
 h - 2 scrolls of identify {unknown}
 k - a scroll of teleportation {unknown}
Potions
 d - a potion of lignification {unknown}
 g - 2 potions of haste {unknown}
 m - a potion of agility {unknown}
Comestibles
 c - 2 rations {@e1}
 l - 2 chunks of flesh


   Skills:
 + Level 3.2 Fighting
 * Level 2.8 Axes
 + Level 2.3 Armour
 + Level 1.5 Dodging
 + Level 2.4 Invocations


You had 2 spell levels left.
You didn't know any spells.
Your spell library was empty.

Dungeon Overview and Level Annotations

Branches:
Dungeon (3/15)

Altars:


Message History

The gnoll hits you with a whip.
The gnoll hits you from afar with a spear!
There is a stone staircase leading up, spattered with blood here.
You see here a throwing net.
The gnoll hits you with a whip. The gnoll barely misses you.
You climb upwards.
There is a stone staircase leading down here.
You closely miss the gnoll. The gnoll closely misses you.
You slash the gnoll!
The gnoll is heavily wounded.
The gnoll hits you but does no damage.
You hit the gnoll.
The gnoll is severely wounded.
The gnoll hits you with a whip!
You hit the gnoll.
The gnoll is severely wounded.
The gnoll hits you with a whip.
* * * LOW HITPOINT WARNING * * *
The gnoll hits you with a whip.
You die...

.....### ##.#.#.#..#
#....# .....#
#.#.#.#..# ######
.....# #...#.#########
.....# ##..#.........#
.....# #..#########(#
###### #..# #.#
#..#########.#
#..##........#
##@##.########
##g##..## #..##...#
###########.......#
#.......##...###..#
#####.#####.##.#..#...#
...##.# #.##.##[..#.#
##.##.# #.##.#...##.#
#.##.# #......#..#.#


You could see a gnoll.

Vanquished Creatures
  An adder (D:2)
  A dart slug (D:3)
  A leopard gecko (D:1)
  5 goblins
  3 hobgoblins
  4 jackals (D:2)
  3 kobolds
  3 bats (D:2)
  3 frilled lizards (D:1)
  7 rats
31 creatures vanquished.

Vanquished Creatures (others)
  A starspawn tentacle (Abyss:1)
1 creature vanquished.

Grand Total: 32 creatures vanquished

Notes
Turn   | Place    | Note
-------+----------+-------------------------------------------
     0 | Abyss:1  | Kriby the Human Abyssal Knight began the quest for the Orb.
     0 | Abyss:1  | Reached XP level 1. HP: 18/18 MP: 2/2
    84 | Abyss:1  | Noticed a raiju
    85 | Abyss:1  | Noticed a tentacled starspawn
    87 | Abyss:1  | Noticed a wretched star
    88 | D:1      | Escaped the Abyss
   173 | D:1      | Reached XP level 2. HP: 8/24 MP: 3/3
   791 | D:1      | Reached * piety under Lugonu
  1137 | D:2      | Reached XP level 3. HP: 22/29 MP: 4/4
  2293 | D:2      | Slain by a gnoll

Vault maps used:
D:1:      minmay_arrival_semitransparent
D:2:      minmay_tetromino_t4
D:3:      marbit_many_paths

Action                   || total
-------------------------++-------
Melee: Hand axe          ||    80
Invok: Depart the Abyss  ||     1
  Eat: Chunk             ||     4
Armor: Leather armour    ||    23
Dodge: Dodged            ||    52

Table legend:
 A = Spawn XP
 B = Non-spawn XP
 C = Spawn XP percentage of total XP
 D = Spawn monster count
 E = Non-spawn monster count
 F = Spawn count percentage of total count
 G = Total turns spent on level
                    A         B        C        D         E        F      G
               +---------+---------+-------+---------+---------+-------+---------
         Total |       0 |      64 |   0.0 |       0 |      31 |   0.0 |  2293
               +---------+---------+-------+---------+---------+-------+---------
           D:1 |       0 |      22 |   0.0 |       0 |      14 |   0.0 |  1015
           D:2 |       0 |      35 |   0.0 |       0 |      14 |   0.0 |  1174
           D:3 |       0 |       7 |   0.0 |       0 |       3 |   0.0 |    16
               +---------+---------+-------+---------+---------+-------+---------
